 Dungeon Crawl Stone Soup version 0.29.0-13-gc9e81de378 (webtiles) character file.

Game seed: 6715839636912303764

40 Artool the Ducker (level 3, -1/26 (28) HPs)
             Began as a Demonspawn Gladiator on Sept 8, 2022.
             Slain by a hobgoblin (2 damage)
             ... on level 2 of the Dungeon.
             The game lasted 00:01:56 (1705 turns).

Artool the Ducker (Demonspawn Gladiator)            Turns: 1705, Time: 00:01:57

HP:   -1/26 (28)    AC:  5    Str: 16    XL:     3   Next: 30%
MP:   3/3           EV: 11    Int:  9    God:
Gold: 60            SH:  4    Dex: 14    Spells: 2/2 levels left

rFire   . . .      SeeInvis .   j - +0 whip
rCold   . . .      Faith    .   (no shield)
rNeg    . . .      Spirit   .   o - +0 ring mail
rPois   .          Reflect  .   (helmet restricted)
rElec   .          Harm     .   (no cloak)
rCorr   .          Rampage  .   (no gloves)
Will    .....                   (no boots)
Stlth   +.........              (no amulet)
HPRegen 0.08/turn               (no ring)
MPRegen 0.08/turn               (no ring)

@: drained
A: antennae 1, condensation shield
a: no special abilities


You were on level 2 of the Dungeon.
You visited 1 branch of the dungeon, and saw 2 of its levels.

You collected 60 gold pieces.

Inventory:

Hand Weapons
 a - a +0 flail
 j - a +0 whip (weapon)
Missiles
 d - 3 throwing nets (quivered)
 e - a javelin
Armour
 b - a +0 leather armour
 c - a +0 helmet
 o - a +0 ring mail (worn)
Jewellery
 m - a ring of magical power
Scrolls
 g - 2 scrolls of brand weapon {unknown}
 h - a scroll of immolation {unknown}
 i - 3 scrolls of identify {unknown}
 l - a scroll of vulnerability {unknown}
Potions
 f - a potion of might {unknown}
 k - a potion of experience {unknown}
 n - a potion of curing {unknown}


   Skills:
 + Level 2.5 Fighting
 + Level 3.0 Maces & Flails
 - Level 1.8 Throwing
 + Level 1.0 Armour
 + Level 3.1 Dodging


You had 2 spell levels left.
You didn't know any spells.
Your spell library was empty.

Dungeon Overview and Level Annotations

Branches:
Dungeon (2/15)

Altars:

Shops:
D:1 [


Innate Abilities, Weirdness & Mutations

You have a pair of small antennae on your head.
A meltable shield of frost defends you. (SH +4)


Message History

The hobgoblin misses you. The necrophage closely misses you.
You hit the necrophage.
The necrophage is moderately damaged.
You block the hobgoblin's attack. The necrophage hits you.
You barely miss the necrophage.
The necrophage is moderately damaged.
The hobgoblin hits you.
The necrophage hits you but does no damage.
You hit the necrophage.
The necrophage is heavily damaged.
The hobgoblin completely misses you.
The necrophage hits you but does no damage.
You hit the necrophage but do no damage.
The necrophage is moderately damaged.
The hobgoblin closely misses you. The necrophage hits you.
You feel drained.
You closely miss the necrophage.
The necrophage is moderately damaged.
The hobgoblin hits you but does no damage.
The necrophage barely misses you.
You barely miss the necrophage.
The necrophage is moderately damaged.
The hobgoblin hits you.
* * * LOW HITPOINT WARNING * * *
The necrophage barely misses you.
You closely miss the necrophage.
The necrophage is moderately damaged.
You block the hobgoblin's attack. You block the necrophage's attack.
You hit the necrophage but do no damage.
The necrophage is moderately damaged.
The hobgoblin closely misses you. The necrophage misses you.
You barely miss the necrophage.
The necrophage is moderately damaged.
The hobgoblin closely misses you. The necrophage hits you.
* * * LOW HITPOINT WARNING * * *
You feel drained.
* * * LOW HITPOINT WARNING * * *
You hit the necrophage.
The necrophage is heavily damaged.
The hobgoblin hits you.
You die...

###. .# .... .#
## .....# .!.
#..#.#
###..##..#.###
.........#...####
.........#g#.....
#..##..@n..###.
#...††.........
#.###...#####..
#.### #.# #.# #.#
#.# #.#


You could see a necrophage and a hobgoblin.

Vanquished Creatures
  An adder (D:2)
  A dart slug (D:1)
  6 bats
  2 endoplasms (D:1)
  2 giant cockroaches (D:1)
  3 goblins
  3 hobgoblins
  A ball python (D:1)
  4 frilled lizards
  3 kobolds
  5 rats
31 creatures vanquished.

Notes
Turn   | Place    | Note
-------+----------+-------------------------------------------
     0 | D:1      | Artool the Demonspawn Gladiator began the quest for the
                  | Orb.
     0 | D:1      | Reached XP level 1. HP: 16/16 MP: 1/1
   302 | D:1      | Gained mutation: A meltable shield of frost defends you.
                  | (SH +4) [demonic ancestry]
   302 | D:1      | Reached XP level 2. HP: 22/22 MP: 2/2
   591 | D:1      | Found Hietul's Antique Armour Shop.
  1190 | D:1      | Found a faded altar of an unknown god.
  1336 | D:2      | Noticed a necrophage
  1594 | D:2      | Discovered your monstrous ancestry.
  1594 | D:2      | Gained mutation: You have a pair of small antennae on your
                  | head. [demonic ancestry]
  1594 | D:2      | Reached XP level 3. HP: 25/28 MP: 3/3
  1651 | D:2      | Reached skill level 1 in Armour
  1704 | D:2      | HP: 1/26 [necrophage (2)]
  1705 | D:2      | Slain by a hobgoblin

Illustrated notes

Levels and vault maps discovered:
D:1:      evilmike_arrival_rings, layout_loops_corners, serial_shops,
          nicolae_shop_temple_entry_statues_fountains,
          chequers_ecumenical_altar_twisty, minmay_statues_item,
          chequers_serial_rivers_marsh
D:2:      layout_loops_ring

Skill      XL: |  1  2  3 |
---------------+----------+-----
Dodging        | 3 |  3.1
Maces & Flails | 3 |  3.0
Armour         | 1 |  1.0
Fighting       | |  2.5
Throwing       | |  1.8

Action                   || total
-------------------------++-------
Melee: Flail             ||    47
       Whip              ||    77
       Punch             ||     1
Armor: Leather armour    ||    35
       Ring mail         ||    22
Dodge: Dodged            ||    99
Block: Other             ||    28
